 Dungeon Crawl Stone Soup version 0.22-a0-299-g43f9854 (webtiles) character file.

14 inmateoo the Gusty (level 2, -5/20 HPs)
             Began as a Barachi Air Elementalist on Mar 25, 2018.
             Was an Initiate of Vehumet.
             Slain by an iguana (13 damage)
             ... on level 4 of the Dungeon.
             The game lasted 00:02:44 (826 turns).

inmateoo the Gusty (Barachi Air Elementalist)        Turns: 826, Time: 00:02:44

Health: -5/20      AC:  2    Str:  9    XL:     2   Next: 45%
Magic:  3/5        EV: 12    Int: 15    God:    Vehumet [......]
Gold:   23         SH:  0    Dex: 12    Spells: 4/5 levels left

rFire    . . .     SeeInvis .   b - +0 whip
rCold    . . .     Gourm    .   (no shield)
rNeg     . . .     Faith    .   a - +0 robe
rPois    .         Spirit   .   (no helmet)
rElec    .         Reflect  .   (no cloak)
rCorr    .         Harm     .   (no gloves)
MR       .....                  (no boots)
Stlth    ++........             (no amulet)
HPRegen  0.06/turn              (no ring)
MPRegen  0.09/turn              (no ring)

@: can't hop, slow
A: +LOS, swims, slowness 1, strong legs 1
a: Hop, Renounce Religion


You were on level 4 of the Dungeon.
You worshipped Vehumet.
Vehumet was noncommittal.
You were not hungry.

You visited 2 branches of the dungeon, and saw 5 of its levels.

You collected 23 gold pieces.

Inventory:

Hand Weapons
 b - a +0 whip (weapon)
Armour
 a - a +0 robe (worn)
Scrolls
 d - 2 scrolls of blinking {unknown}
 e - a scroll of identify {unknown}
 f - a scroll of teleportation {unknown}
 g - a scroll of fear {unknown}
 h - a scroll of fog {unknown}
Comestibles
 c - a ration


   Skills:
 + Level 0.4 Fighting
 + Level 2.3 Dodging
 + Level 1.9 Stealth
 * Level 2.4 Spellcasting
 * Level 1.5 Conjurations
 * Level 3.5 Air Magic


You had 4 spell levels left.
You knew the following spells:

 Your Spells              Type           Power        Failure   Level  Hunger
a - Shock                 Conj/Air       #...         8%          1    #......


Dungeon Overview and Level Annotations

Branches:
Dungeon (4/15)             Temple (1/1) D:4

Altars:
Ashenzari
Dithmenos
Elyvilon
Fedhas
Gozag
Hepliaklqana
Kikubaaqudgha
Nemelex Xobeh
Qazlal
Sif Muna
Trog
Uskayaw
Vehumet
Yredelemnul
The Shining One

Annotations:
D:4 Edmund


Innate Abilities, Weirdness & Mutations

Shadows flee at your approach. (+LOS)
You can swim through water.
You cover ground slowly.
You can hop short distances.


Message History

Confirm with . or Enter, or press ? or * to list all spells.
Aiming: Shock (safe; 8% risk of failure)
Press: ? - help, Shift-Dir - straight line, f/p - iguana
Aim: an iguana (lightly wounded)
The zap hits the iguana.
The iguana is lightly wounded.
The zap hits the adder skeleton.
The adder skeleton is heavily damaged.
The iguana bites you!
Ouch! That really hurt!
You aren't carrying any potions.
Unknown command.
Unknown command.
The iguana hisses menacingly.
The iguana bites you.
Unknown command.
Unknown command.
The iguana bites you!
Ouch! That really hurt!
You die...

..#######.## #.#
##.#######. ###<#
#.......... #...##
#..########
####....#####........#
#.................##....
....##....#####Z###<#
### #.#.## #l# #.# #...#
#@# #.# ###.# #.# #.#
#.# #.###.## #.#
#......# #.# #####..#
#.# #..# #.####### #....
#.......# #...##
#.#####.# .....


You could see an iguana and an adder skeleton.

Vanquished Creatures
  A bat (D:3)
  4 jackals (D:3)
  2 kobolds
  3 goblins
  3 rats
13 creatures vanquished.

Notes
Turn   | Place    | Note
-------+----------+-------------------------------------------
     0 | D:1      | inmateoo the Barachi Air Elementalist began the quest for the Orb.
     0 | D:1      | Reached XP level 1. HP: 13/13 MP: 3/3
   435 | D:3      | Reached XP level 2. HP: 19/19 MP: 1/5
   645 | D:4      | Found a staircase to the Ecumenical Temple.
   653 | Temple   | Entered the Ecumenical Temple
   738 | Temple   | Became a worshipper of Vehumet
   759 | D:4      | Noticed Edmund
   826 | D:4      | Slain by an iguana

Vault maps used:
D:1:      giann_bridges
D:2:      minmay_misc_feat_tower, lemuel_tele_altar
D:3:      gammafunk_temple_overflow_elements, nicolae_gozag_seed_capital
D:4:      minmay_temple_entry_statues_fountains, first_ration, hex_large,
          uniq_edmund
Temple:   eino_temple_scatter_basement

Action                   || total
-------------------------++-------
Melee: Whip              ||    12
 Cast: Shock             ||    20
 Abil: Hop               ||     2
Armor: Robe              ||     3
Dodge: Dodged            ||    10

Table legend:
 A = Spawn XP
 B = Non-spawn XP
 C = Spawn XP percentage of total XP
 D = Spawn monster count
 E = Non-spawn monster count
 F = Spawn count percentage of total count
 G = Total turns spent on level
                    A         B        C        D         E        F      G
               +---------+---------+-------+---------+---------+-------+---------
         Total |       0 |      21 |   0.0 |       0 |      13 |   0.0 |   826
               +---------+---------+-------+---------+---------+-------+---------
           D:1 |       0 |       2 |   0.0 |       0 |       1 |   0.0 |    46
           D:2 |       0 |       4 |   0.0 |       0 |       3 |   0.0 |   365
           D:3 |       0 |      15 |   0.0 |       0 |       9 |   0.0 |   215
               +---------+---------+-------+---------+---------+-------+---------
